 Dungeon Crawl Stone Soup version 0.28.0-45-g0d030f2227 (webtiles) character file.

Game seed: 418731997230617627

191 Woods the Insei (level 5, -10/41 HPs)
             Began as a Gnoll Transmuter on Apr 22, 2022.
             Was an Initiate of Ashenzari.
             Splashed by a jelly's acid (11 damage)
             ... on level 4 of the Dungeon.
             The game lasted 00:03:48 (4059 turns).

Woods the Insei (Gnoll Transmuter)                  Turns: 4059, Time: 00:03:49

Health: -10/41     AC: -4    Str:  9    XL:     5   Next: 70%
Magic:  12/12      EV: 13    Int: 14    God:    Ashenzari [......]
Gold:   123        SH:  0    Dex: 13    Spells: 8/14 levels left

rFire   . . .      SeeInvis .     - Unarmed
rCold   . . .      Faith    .   (no shield)
rNeg    . . .      Spirit   .   a - +0 robe
rPois   .          Reflect  .   (helmet currently unavailable)
rElec   .          Harm     .   (no cloak)
rCorr   .          Rampage  .   p - +0 pair of gloves
Will    .....                   (boots currently unavailable)
Stlth   ++........              (no amulet)
HPRegen 0.13/turn               (no ring)
MPRegen 0.13/turn               (no ring)

@: appendages (expiring), corroded
A: horns 2, talons 2, fangs 1, strong nose, distributed training
a: End Transformation, Renounce Religion


You were on level 4 of the Dungeon.
You worshipped Ashenzari.
Ashenzari was noncommittal.
You had temporarily grown beastly horns and talons.
You visited 2 branches of the dungeon, and saw 5 of its levels.

You collected 123 gold pieces.

Inventory:

Hand Weapons
 k - the +2 mace of the Gloaming {vorpal, Will+++ SInv Stlth+}
   (You took it off a goblin on level 3 of the Dungeon)

   It inflicts extra damage upon your enemies.
   SInv:      It lets you see invisible.
   Will:      It greatly increases your willpower.
   Stlth:     It makes you more stealthy.
Missiles
 e - a throwing net
Armour
 a - a +0 robe (worn)
 d - a +1 pair of boots
 p - a +0 pair of gloves (worn)
Jewellery
 n - the ring of Biagroh {Dex+6 SInv}
   (You found it on level 3 of the Dungeon)

   [ring of dexterity]

   Dex:       It affects your dexterity (+6).
   SInv:      It lets you see invisible.
 s - a +6 ring of intelligence
Scrolls
 f - a scroll of fog {unknown}
 g - a scroll of noise {unknown}
 j - 4 scrolls of identify {unknown}
 l - a scroll of enchant weapon {unknown}
 o - a scroll of fear {unknown}
 r - a scroll of teleportation {unknown}
Potions
 b - 2 potions of curing {unknown}
 c - a potion of invisibility {unknown}
 h - 3 potions of mutation {unknown}
 i - a potion of lignification {unknown}
 m - a potion of degeneration {unknown}
 q - a potion of heal wounds {unknown}
 t - a potion of haste {unknown}


   Skills:
 + Level 3.0 Fighting
 + Level 1.6 Short Blades
 + Level 1.6 Long Blades
 + Level 1.6 Axes
 + Level 1.6 Maces & Flails
 + Level 1.6 Polearms
 + Level 1.6 Staves
 + Level 1.6 Slings
 + Level 1.6 Bows
 + Level 1.6 Crossbows
 + Level 1.6 Throwing
 + Level 1.6 Armour
 + Level 4.8 Dodging
 + Level 1.6 Stealth
 + Level 1.6 Shields
 + Level 6.7 Unarmed Combat
 + Level 5.2 Spellcasting
 + Level 1.2 Conjurations
 + Level 1.2 Hexes
 + Level 1.2 Summonings
 + Level 1.2 Necromancy
 + Level 1.2 Translocations
 + Level 4.0 Transmutations
 + Level 1.2 Fire Magic
 + Level 1.2 Ice Magic
 + Level 1.2 Air Magic
 + Level 1.2 Earth Magic
 + Level 1.2 Poison Magic
 + Level 1.8 Invocations
 + Level 1.6 Evocations


You had 8 spell levels left.
You knew the following spells:

 Your Spells              Type           Power      Damage    Failure   Level
a - Beastly Appendage     Tmut           28%        N/A       3%          1
b - Wereblood             Tmut           14%        N/A       4%          2
c - Spider Form           Tmut/Pois      11%        N/A       17%         3

Your spell library contained the following spells:

 Spells                   Type           Power      Damage    Failure   Level
 Ice Form                 Ice/Tmut       11%        N/A       50%         4
 Freezing Cloud           Conj/Ice/Air   3%         6-21      95%         5
 Simulacrum               Ice/Necr       3%         N/A       100%        6
 Polar Vortex             Ice            3%         N/A       100%        9


Dungeon Overview and Level Annotations

Branches:
Dungeon (4/15)             Temple (1/1) D:4

Altars:
Ashenzari
Elyvilon
Gozag
Hepliaklqana
Makhleb
Qazlal
Ru
Trog
Uskayaw
Vehumet
Wu Jian
Xom
Yredelemnul
Zin
The Shining One


Innate Abilities, Weirdness & Mutations

You have temporarily grown beastly horns and talons.
You have very sharp teeth.
Your uncanny sense of smell can sniff out nearby items.
Your experience applies equally to all skills.


Message History

Your horns disappear.
Your talons disappear.
You open the door.
Found a scale mail.
There is an open door here. 2 jellies come into view.
The jelly quivers.
There are monsters nearby!
There are monsters nearby!
Casting: Beastly Appendage (safe; 3% risk of failure)
Confirm with . or Enter, or press ? or * to list all spells.
You grow a pair of large bovine horns.
Your feet morph into talons.
The jelly quivers.
There is an open door here.
You barely miss the jelly. You claw the jelly. You headbutt the jelly.
The jelly is heavily wounded.
The jelly closely misses you.
You hit the jelly.
Your hands burn!
The jelly is heavily wounded.
The jelly jiggles.
The jelly hits you. The acid corrodes you!
You are splashed with acid.
You hit the jelly but do no damage.
Your hands burn!
You claw the jelly, but do no damage.
You headbutt the jelly, but do no damage.
You punch the jelly. You bite the jelly, but do no damage.
The jelly is lightly wounded.
The jelly misses you.
You hit the jelly.
Your hands burn!
The jelly is heavily wounded.
The jelly hits you.
You are splashed with acid!
You hit the jelly but do no damage.
Your hands burn!
You bite the jelly, but do no damage.
The jelly is heavily wounded.
Your transformation is almost over.
The jelly jiggles.
The jelly hits you.
You are splashed with acid!
* * * LOW HITPOINT WARNING * * *
The jelly hits you.
* * * LOW HITPOINT WARNING * * *
The acid corrodes you!
You are splashed with acid!
You die...

#.##.#
#....#
#.#### #.#
#.# #.#
#.## #..#
..8######@#
#...[..JJ.#
#.......###
..8###### .


You could see 2 jellies.

Vanquished Creatures
  2 hounds (D:4)
  Robin (D:3)
  2 adders (D:2)
  2 worms
  A dart slug (D:4)
  9 orcs
  7 bats
  10 endoplasms
  2 giant cockroaches
  6 hobgoblins
  8 kobolds
  4 quokkas
  2 ball pythons
  7 frilled lizards
  18 goblins
81 creatures vanquished.

Notes
Turn   | Place    | Note
-------+----------+-------------------------------------------
     0 | D:1      | Woods the Gnoll Transmuter began the quest for the Orb.
     0 | D:1      | Reached XP level 1. HP: 17/17 MP: 6/6
   315 | D:1      | Reached XP level 2. HP: 17/23 MP: 5/7
   569 | D:1      | Found a faded altar of an unknown god.
   741 | D:1      | Reached XP level 3. HP: 25/28 MP: 7/9
   750 | D:1      | Reached skill level 5 in Spellcasting
  1397 | D:2      | Reached skill level 1 in Invocations
  1635 | D:2      | Reached skill level 1 in Short Blades
  1635 | D:2      | Reached skill level 1 in Long Blades
  1635 | D:2      | Reached skill level 1 in Axes
  1635 | D:2      | Reached skill level 1 in Maces & Flails
  1635 | D:2      | Reached skill level 1 in Polearms
  1635 | D:2      | Reached skill level 1 in Staves
  1635 | D:2      | Reached skill level 1 in Slings
  1635 | D:2      | Reached skill level 1 in Bows
  1635 | D:2      | Reached skill level 1 in Crossbows
  1635 | D:2      | Reached skill level 1 in Throwing
  1635 | D:2      | Reached skill level 1 in Armour
  1635 | D:2      | Reached skill level 1 in Stealth
  1635 | D:2      | Reached skill level 1 in Shields
  1635 | D:2      | Reached skill level 1 in Evocations
  1913 | D:2      | Reached XP level 4. HP: 17/34 MP: 11/11
  2099 | D:2      | Learned a level 2 spell: Wereblood
  2103 | D:2      | Learned a level 3 spell: Spider Form
  2718 | D:3      | Identified the +2 mace of the Gloaming {vorpal, Will+++
                  | SInv Stlth+}
  2757 | D:3      | Noticed Robin
  2769 | D:3      | Reached skill level 1 in Conjurations
  2769 | D:3      | Reached skill level 1 in Hexes
  2769 | D:3      | Reached skill level 1 in Summonings
  2769 | D:3      | Reached skill level 1 in Necromancy
  2769 | D:3      | Reached skill level 1 in Translocations
  2769 | D:3      | Reached skill level 1 in Fire Magic
  2769 | D:3      | Reached skill level 1 in Ice Magic
  2769 | D:3      | Reached skill level 1 in Air Magic
  2769 | D:3      | Reached skill level 1 in Earth Magic
  2769 | D:3      | Reached skill level 1 in Poison Magic
  2775 | D:3      | Killed Robin
  3173 | D:3      | Reached XP level 5. HP: 36/40 MP: 12/12
  3258 | D:3      | Identified the ring of Biagroh {Dex+6 SInv}
  3443 | D:4      | Found a staircase to the Ecumenical Temple.
  3471 | Temple   | Entered the Ecumenical Temple
  3703 | Temple   | Became a worshipper of Ashenzari the Shackled
  4059 | D:4      | HP: 1/41 [jelly (2)]
  4059 | D:4      | Splashed by a jelly's acid

Illustrated notes

Levels and vault maps discovered:
D:1:      onia_arrival_pyramid, layout_basic,
          hellmonk_ecumenical_altar_slurped_away, serial_bayou_pond_d
D:2:      layout_rooms, palyth_stone_intersect
D:3:      layout_basic, corexii_corridor_pit, uniq_robin
D:4:      minmay_chambers_of_twos, layout_basic, okawaru_trees_2,
          minmay_temple_entry_stoned_glass
Temple:   regret_index_temple_generic_petals

Skill      XL: |  1  2  3  4  5 |
---------------+----------------+-----
Spellcasting   | 5 |  5.2
Invocations    | 1 |  1.8
Short Blades   | 1 |  1.6
Long Blades    | 1 |  1.6
Axes           | 1 |  1.6
Maces & Flails | 1 |  1.6
Polearms       | 1 |  1.6
Staves         | 1 |  1.6
Slings         | 1 |  1.6
Bows           | 1 |  1.6
Crossbows      | 1 |  1.6
Throwing       | 1 |  1.6
Armour         | 1 |  1.6
Stealth        | 1 |  1.6
Shields        | 1 |  1.6
Evocations     | 1 |  1.6
Conjurations   | 1 |  1.2
Hexes          | 1 |  1.2
Summonings     | 1 |  1.2
Necromancy     | 1 |  1.2
Translocations | 1 |  1.2
Fire Magic     | 1 |  1.2
Ice Magic      | 1 |  1.2
Air Magic      | 1 |  1.2
Earth Magic    | 1 |  1.2
Poison Magic   | 1 |  1.2
Fighting       | 3 |  3.0
Transmutations | 4 |  4.0
Dodging        | |  4.8
Unarmed Combat | |  6.7

Action                   |  1- 3 |  4- 6 || total
-------------------------+-------+-------++-------
Melee: Unarmed           |   108 |   101 ||   209
       Bite              |     5 |     9 ||    14
       Headbutt          |     8 |     7 ||    15
       Kick              |     9 |    13 ||    22
       Punch             |     1 |     2 ||     3
 Cast: Beastly Appendage |    21 |    14 ||    35
       Spider Form       |       |     2 ||     2
       Wereblood         |       |     2 ||     2
 Stab: Sleeping          |     1 |     1 ||     2
Armor: Robe              |    10 |    16 ||    26
       Skin              |       |     3 ||     3
Dodge: Dodged            |    45 |    95 ||   140
